 Dungeon Crawl Stone Soup version 0.17-a0-1997-ga88ed7d (webtiles) character file.

181 Impoz the Skirmisher (level 5, -3/34 HPs)
             Began as a Gargoyle Fighter on Oct 8, 2015.
             Was an Initiate of Okawaru.
             Killed by divine providence
             ... invoked by an orc priest
              (14 damage)
             ... on level 3 of the Dungeon.
             The game lasted 00:12:01 (1805 turns).

Impoz the Skirmisher (Gargoyle Fighter)             Turns: 1805, Time: 00:12:01

Health: -3/34      AC: 12    Str: 20    XL:     5   Next: 61%
Magic:  5/5        EV:  7    Int:  8    God:    Okawaru [......]
Gold:   133        SH:  9    Dex: 10    Spells: 0 memorised, 4 levels left

rFire  . . .     SeeInvis .     a - +0 flail
rCold  . . .     Clarity  .     o - +0 scale mail (curse)
rNeg   + . .     SustAt   .     c - +0 shield
rPois  ∞         Gourm    .     (no helmet)
rElec  +         Spirit   .     (no cloak)
rCorr  .         Warding  .     r - +0 pair of gloves
rMut   .         Stasis   .     (no boots)
MR     .....                    (no amulet)
Stlth  ..........               (no ring)
                                (no ring)

@: not resistant to hostile enchantments, extremely unstealthy
A: negative energy resistance 1, electricity resistance, unbreathing,
petrification resistance, rot immunity, AC +4
a: Renounce Religion


You were on level 3 of the Dungeon.
You worshipped Okawaru.
Okawaru was noncommittal.
You were not hungry.

You visited 1 branch of the dungeon, and saw 3 of its levels.

You collected 133 gold pieces.

Inventory:

Hand Weapons
 a - a +0 flail (weapon)
 k - a +0 flail
Missiles
 f - 6 silver javelins (quivered)
Armour
 b - a +0 scale mail
 c - a +0 shield (worn)
 m - a +0 large shield
 o - a cursed +0 scale mail (worn)
 r - a +0 pair of gloves (worn)
 v - a +0 chain mail
Wands
 d - a wand of flame (24)
Scrolls
 g - 3 scrolls of identify
 h - a scroll of magic mapping
 i - a scroll of teleportation
 j - a scroll of remove curse {unknown}
 n - 2 scrolls of recharging {unknown}
 p - a scroll of immolation {unknown}
 q - a scroll of random uselessness {unknown}
 u - a scroll of enchant armour {unknown}
Potions
 s - a potion of magic {unknown}
 w - a potion of curing {unknown}
 x - a potion of flight {unknown}
 z - a potion of poison {unknown}
Comestibles
 e - 2 bread rations
 l - 2 fruits
 t - a meat ration


   Skills:
 + Level 4.6 Fighting
 + Level 3.6 Maces & Flails
 - Level 4.1 Armour
 - Level 4.0 Shields


You had 4 spell levels left.
You didn't know any spells.

Dungeon Overview and Level Annotations

Branches:
Dungeon (3/15)

Altars:
Dithmenos
Makhleb
Okawaru


Innate Abilities, Weirdness & Mutations

You are resistant to torment.
Your stone body is resilient (AC +4).
You are immune to poison.
You resist negative energy.
You are resistant to electric shocks.
You can survive without breathing.
You are immune to petrification.
You are immune to rotting.


Message History

* * * LOW HITPOINT WARNING * * *
Drink which item? (? for menu, Esc to quit)
Okay, then.
Evoke which item? (* to show all) (? for menu, Esc to quit)
Okay, then.
You hit the orc priest but do no damage.
The orc priest is severely wounded.
The orc priest hits you with a hand axe.
* * * LOW HITPOINT WARNING * * *
You hit the orc priest.
The orc priest is almost dead.
The orc priest looks braver for a moment.
You hit the orc priest but do no damage.
The orc priest is almost dead.
You block the orc priest's attack.
You barely miss the orc priest.
The orc priest is almost dead.
The orc priest invokes the aid of Beogh against you.
Something smites you!
You die...

..##........#
.......†....#.........
............#.........
........†...#........
............#......#
......##....#......#
########....#......#
#....#......##
#.......o@...#
#####..#####.#
##.....o.# #.#####.
#.. #.## #.. #.# ..


You could see an orc priest.

Vanquished Creatures
  An iron imp (D:3)
  Terence (D:2)
  3 adders (D:2)
  An ooze (D:3)
  2 worms
  2 giant geckos
  An orc (D:3)
  3 giant cockroaches
  13 goblins
  10 hobgoblins
  9 jackals
  4 ball pythons
  13 bats
  4 giant newts
  14 kobolds
  4 rats
85 creatures vanquished.

Notes
Turn   | Place    | Note
--------------------------------------------------------------
     0 | D:1      | Impoz the Gargoyle Fighter began the quest for the Orb.
     0 | D:1      | Reached XP level 1. HP: 14/14 MP: 1/1
    75 | D:1      | Reached XP level 2. HP: 9/19 MP: 2/2
   273 | D:1      | Reached XP level 3. HP: 15/23 MP: 3/3
   600 | D:2      | Found an iron altar of Okawaru.
   638 | D:2      | Became a worshipper of Warmaster Okawaru
   679 | D:2      | Noticed Terence
   707 | D:2      | Killed Terence
   707 | D:2      | Reached skill level 4 in Armour
   707 | D:2      | Reached XP level 4. HP: 14/29 MP: 4/4
   798 | D:2      | Found a shadowy altar of Dithmenos.
   929 | D:2      | Reached XP level 5. HP: 28/33 MP: 5/5
  1330 | D:3      | Found a burning altar of Makhleb.
  1805 | D:3      | Killed from afar by an orc priest

Vault maps used:
D:1:      roderic_crossed_star
D:2:      okawaru_ov_weapons_minmay, nicolae_dithmenos_shadow_blocks,
          uniq_terence
D:3:      demons_altar, minmay_crystal_room, minmay_misc_feat_rows,
          minmay_rats_cheesy_pizza

Action                   |  1- 3 |  4- 6 || total
-------------------------+-------+-------++-------
Melee: Flail             |   183 |   168 ||   351
  Use: Potion            |     3 |       ||     3
       Scroll            |       |     2 ||     2
  Eat: Chunk             |       |     4 ||     4
